AoeStats
← DonCamillo

Nomad

510138875Analyzed
3v3 RM · 19h ago on Sep 29, 2026· 22m 35s· 6 players
Game mode
Random Map
Map size
210×210
Population
200
Speed
Normal
Resources
Standard
Victory
Conquest
Starting age
Dark Age
Ending age
Imperial Age
RankedLock teamsTeams togetherTeam positionsShared explorationLock speedFull tech treeHidden civsTurbo modeCheats
Victory
Defeat
🇩🇪 Persians · Germany
1067
+12
🇦🇷 Koreans · Argentina
1041
+13
🇩🇪 Italians · Germany
1007
+15
🇭🇺 Persians · Hungary
1020
-30
🇭🇺 Persians · Hungary
963
-13
🇭🇺 Vietnamese · Hungary
956
-23
Vipi
10:14 Loom
13:20 Feudal Age
20:03 Padded Archer Armor
20:56 Double-Bit Axe
21:45 Fletching
Klaroxy
4:29 Loom
10:22 Loom
22:39 Feudal Age
Danath_A_Szarevő
8:02 Loom
SoyRock
8:42 Loom
21:39 Feudal Age
22:12 Double-Bit Axe
22:22 Stone Mining
DonCamillo
4:12 Loom
15:04 Feudal Age
18:17 Fletching
21:44 Castle Age
22:29 Bodkin Arrow
22:40 Double-Bit Axe
Dr. D
4:45 Loom
14:09 Feudal Age
15:21 Town Watch
19:30 Castle Age
20:05 Scale Barding Armor
20:11 Forging
22:11 Chain Barding Armor
22:27 Iron Casting
22:28 Husbandry
21:50 Light Cavalry
Connection lost

Rejoining the realm…

Still unreachable

The connection could not be restored.

Session expired

The server has moved on; the page needs a fresh start.